 Dungeon Crawl Stone Soup version 0.17-a0-1711-gc5340a3 (webtiles) character file.

45 hexophile the Poker (level 3, -1/31 HPs)
             Began as a Centaur Chaos Knight on Aug 22, 2015.
             Succumbed to a gnoll's poison
             ... on level 2 of the Dungeon.
             The game lasted 00:02:52 (3737 turns).

hexophile the Poker (Centaur Chaos Knight)          Turns: 3737, Time: 00:02:52

Health: -1/31      AC:  7    Str: 18    XL:     3   Next: 42%
Magic:  3/3        EV:  9    Int: 11    God:    Xom [....*.]
Gold:   8          SH:  0    Dex:  9    Spells: 0 memorised, 2 levels left

rFire  . . .     SeeInvis .     a - +0 spear (chaos)
rCold  . . .     Clarity  +     b - +3 leather armour
rNeg   . . .     SustAt   .     (no shield)
rPois  .         Gourm    .     (no helmet)
rElec  .         Spirit   .     (no cloak)
rCorr  .         Warding  .     (no gloves)
rMut   .         Stasis   .     (no barding)
MR     .....                    (no amulet)
Stlth  ..........               (no ring)
                                (no ring)

@: lethally poisoned (-1 -> -37), drained, very quick, not resistant to hostile
enchantments, extremely unstealthy
A: hooves 3, clarity, deformed body, speed 2, strong 2, tough skin 3
a: Renounce Religion


You were on level 2 of the Dungeon.
You worshipped Xom.
You were a beloved toy of Xom.
You were near starving.

You visited 1 branch of the dungeon, and saw 2 of its levels.

You collected 8 gold pieces.

Inventory:

Hand weapons
 a - a +0 spear of chaos (weapon)
Missiles
 h - 72 stones (quivered)
Armour
 b - a +3 leather armour (worn)
 k - a +0 shield
Scrolls
 d - a scroll of enchant armour
 e - 3 scrolls of identify {unknown}
 f - a scroll of amnesia {unknown}
 g - a scroll of magic mapping {unknown}
 i - a scroll of teleportation {unknown}
Books
 j - a book of Necromancy

   Spells                             Type                      Level
   a - Pain                           Necromancy                   1
   b - Animate Skeleton               Necromancy                   1
   c - Vampiric Draining              Necromancy                   3
   d - Regeneration                   Charms/Necromancy            3
   e - Animate Dead                   Necromancy                   4
   f - Control Undead                 Necromancy                   4
 l - Xom's Compendium of the Kangaroo
   (Xom gifted it to you on level 1 of the Dungeon)

   Spells                             Type                      Level
   a - Slow                           Hexes                        2
   b - Spectral Weapon                Hexes/Charms                 3
   c - Cause Fear                     Hexes                        4
   d - Silence                        Hexes/Air                    5


   Skills:
 - Level 3.0(2.0) Fighting
 + Level 3.3(2.3) Polearms
 - Level 1.3(0.4) Armour
 * Level 1.9(1.0) Dodging


You had 2 spell levels left.
You didn't know any spells.

Dungeon Overview and Level Annotations

Branches:
Dungeon (2/15)

Altars:


Innate Abilities, Weirdness & Mutations

You have hooves in place of feet.
Armour fits poorly on your strangely shaped body.
You cover ground very quickly.
You have extremely tough skin (AC +3).
You possess an exceptional clarity of mind.
Your muscles are very strong. (Str +4)


Message History

The gnoll closely misses you.
Unknown command.
You hit the quokka but do no damage. Your kick misses the quokka.
You feel sick. The quokka closely misses you. The gnoll hits you!
* * * LOW HITPOINT WARNING * * *
The gnoll closely misses you. The gnoll barely misses you.
The gnoll hits you but does no damage.
You are lethally poisoned!
Unknown command.
You hit the quokka.
You kill the quokka!
* * * LOW HITPOINT WARNING * * *
You feel sick. The adder bites you but does no damage.
The gnoll closely misses you. The gnoll hits you but does no damage.
The adder barely misses you.
The gnoll hits you with a whip of venom!
* * * LOW HITPOINT WARNING * * *
You are more poisoned.
You die...
Xom guffaws!

###########
#.........#
#.........#
#.........#
#.......gg#
##<......@.#
#.......ggS#
#..........#
#....#######
...### .##.#
.. ..# ##
###


You could see 4 gnolls and an adder.

Vanquished Creatures
  A gnoll (D:1)
  A ball python (D:1)
  6 bats (D:1)
  5 hobgoblins (D:1)
  2 jackals (D:1)
  3 kobolds (D:1)
  A quokka (D:2)
  6 giant newts (D:1)
  5 goblins (D:1)
  5 rats (D:1)
35 creatures vanquished.

Notes
Turn   | Place    | Note
--------------------------------------------------------------
     0 | D:1      | hexophile the Centaur Chaos Knight began the quest for the Orb.
     0 | D:1      | Reached XP level 1. HP: 19/19 MP: 1/1
    40 | D:1      | Reached skill level 1 in Dodging
    74 | D:1      | Reached XP level 2. HP: 21/26 MP: 2/2
   192 | D:1      | XOM: harmless Trmt miscast
   389 | D:1      | XOM: harmless Summ miscast
   610 | D:1      | XOM: harmless Erth miscast
   634 | D:1      | XOM: severe Trmt miscast
  1241 | D:1      | XOM: god gift: bubbling red potion
  1306 | D:1      | XOM: divination: detect creatures
  1339 | D:1      | XOM: god gift: glowing metal-bound book {god gift}
  1402 | D:1      | XOM is BORED!
  1402 | D:1      | XOM: draining
  2064 | D:1      | Reached XP level 3. HP: 31/31 MP: 3/3
  2086 | D:1      | XOM: give mutations
  2086 | D:1      | Gained mutation: You possess an exceptional clarity of mind. [Xom's grace]
  2086 | D:1      | Gained mutation: Your muscles are strong. (Str +2) [Xom's grace]
  2086 | D:1      | Gained mutation: Your muscles are very strong. (Str +4) [Xom's grace]
  2162 | D:1      | XOM: god gift: blackened book {god gift}
  2165 | D:1      | Identified Xom's Compendium of the Kangaroo (Xom gifted it to you on level 1 of the Dungeon)
  2627 | D:1      | XOM: divination: detect creatures
  3615 | D:1      | XOM is BORED!
  3615 | D:1      | XOM: summons 1 hostile demon
  3677 | D:1      | XOM: vitrification
  3731 | D:2      | XOM: 1-stop teleportation journey
  3736 | D:2      | HP: 1/31 [gnoll/whip of venom (7)]
  3737 | D:2      | Succumbed to a gnoll's poison

Vault maps used:
D:1:      scummos_arrival_checkerplants
D:2:      item_on_display_a

Action                   || total
-------------------------++-------
Melee: Spear             ||   103
  Use: Potion            ||     1
       Scroll            ||     1
 Stab: Distracted        ||     1
  Eat: Chunk             ||     2
       Bread ration      ||     1
